Unix NetHack Version 5.0.0-0 post-release - last build Jun 10 2026 00:39:30 (3ee93aec679c4c4259841fe613dc97188e26a321,branch:main).

Game began 2026-07-02 17:42:01, ended 2026-07-02 18:18:32.

DiePARTEI, neutral male human Tourist

                                                             ------------
                                                             |..........|
                                                             |........<.|
                                                             |.%........|
                                                            #-........|.|
                                                            #------.-----
                                                            #      ###
                                               --         ###        #
                                               |.        ##          #
                                               -.....    #           ##
                                               |.......-Y@            ###
                                               |.....                 --.----
                                               |.                     |.....|
                                               --                     |.....|
                                                                      |.....|
                                                                      |....(|
                                                                      -------

DiePARTEI the Sightseer     St:12 Dx:10 Co:16 In:11 Wi:9 Ch:18  Neutral
Dlvl:10 $:334 HP:0(39) Pw:15(15) AC:6  Xp:5 T:1551 

Latest messages:
 You try to feel what is lying here on the floor.
 You feel here a +2 dart.
 a - a +2 dart (at the ready) (12 in total).
 You try to feel what is lying here on the floor.
 You feel here a +2 dart.
 a - a +2 dart (at the ready) (13 in total).
 You try to feel what is lying here on the floor.
 You feel here a +2 dart.
 a - a +2 dart (at the ready) (14 in total).
 You try to feel what is lying here on the floor.
 You feel here a +2 dart.
 a - a +2 dart (at the ready) (15 in total).
 You hear a door open.
 You can see again.
 In what direction? 4
 You kill the goblin!
 a - a +2 dart (at the ready) (15 in total).
 You see here 41 gold pieces.
 $ - 41 gold pieces (334 in total).
 You see here a chest.
 In what direction? .
 There is a chest here.  Check it for traps? [ynq] (q) y
 You find no traps on the chest.
 Hmmm, the chest turns out to be locked.
 Unlock it with your key? [ynq] (q) y
 You succeed in unlocking the chest.
 The chest is empty.
 You see here a scroll labeled YUM YUM.
 x - a scroll labeled YUM YUM.
 You hear a door open.
 You hit the yeti.
 The yeti hits!
 The yeti hits again!
 The yeti bites!
 The yeti hits!
 The yeti hits again!
 The yeti bites!
 You hit the yeti.
 The yeti hits!
 The yeti hits again!
 The yeti bites!
 The yeti hits!
 The yeti hits again!
 The yeti bites!
 You die...
 Do you want your possessions identified? [ynq] (y) y
 Do you want to see your attributes? [ynq] (y) y
 Do you want an account of creatures vanquished? [ynaq] (y) y
 Do you want to see your conduct and achievements? [ynq] (y) y
 Do you want to see the dungeon overview? [ynq] (y) y

Inventory:
 Coins    ('$')
  $ - 334 gold pieces
 Weapons  (')')
  a - 15 +2 darts (at the ready)
 Armor    ('[')
  v - an uncursed +0 orcish helm (being worn)
  z - a cursed -1 pair of gauntlets of fumbling
  y - an uncursed +0 cloak of magic resistance
  l - an uncursed +0 Hawaiian shirt with a parrot motif (being worn)
  b - an uncursed +0 studded leather armor (being worn)
 Comestibles  ('%')
  e - an uncursed clove of garlic
  g - 4 uncursed cream pies
  f - 2 uncursed food rations
  d - an uncursed fortune cookie
  c - 3 uncursed tripe rations
  t - 2 cursed tripe rations
 Scrolls  ('?')
  x - an uncursed scroll of amnesia
  q - a blessed scroll of destroy armor
  Q - an uncursed scroll of enchant armor
  T - an uncursed scroll of identify
  j - 3 blessed scrolls of magic mapping
  k - 3 uncursed scrolls of magic mapping
  O - an uncursed scroll of remove curse
  p - an uncursed scroll of scare monster
  o - an uncursed scroll of teleportation
 Potions  ('!')
  h - a blessed potion of enlightenment
  W - a cursed potion of gain ability
  P - a cursed potion of gain energy
  X - an uncursed potion of hallucination
  V - a blessed potion of restore ability
  U - an uncursed potion of water
 Rings    ('=')
  u - an uncursed ring of warning
 Wands    ('/')
  w - a wand of slow monster (0:5)
 Tools    ('(')
  s - an empty cursed sack
  n - an uncursed credit card
  m - an expensive camera (0:83)
  i - an uncursed skeleton key
 Gems/Stones  ('*')
  Z - an uncursed worthless piece of black glass
  r - a cursed worthless piece of green glass
  Y - an uncursed worthless piece of white glass

DiePARTEI the Tourist's attributes:

Background:
 You were a Sightseer, a level 5 male human Tourist.
 You were neutral, on a mission for The Lady
 who was opposed by Blind Io (lawful) and Offler (chaotic).
 You were right-handed.
 You were in the Dungeons of Doom, on level 10.
 You entered the dungeon 1551 turns ago.
 There was a full moon in effect when your adventure ended.
 You had 249 experience points, 71 more were needed to attain level 6.

Basics:
 You had 0 out of 39 hit points.
 You had all 15 energy points (spell power).
 Your armor class was 6.
 Your wallet contained 334 zorkmids.
 Autopickup was off.

Final Characteristics:
 Your strength was 12 (limit:18/100).
 Your dexterity was 10 (limit:18).
 Your constitution was 16 (limit:18).
 Your intelligence was 11 (limit:18).
 Your wisdom was 9 (limit:18).
 Your charisma was 18 (limit:18).

Final Status:
 You weren't hungry.
 You were unencumbered.
 You were bare handed.
 You had basic skill with bare handed combat.

Final Attributes:
 You were devoutly aligned.
 You were warded.
 You were lucky.
 You are dead.

Miscellaneous:
 You didn't encounter any bones levels.
 Total elapsed playing time was 36 minutes and 31 seconds.

Major events:
 Turn
    1: DiePARTEI the neutral male human Tourist entered the dungeon
  905: attained the rank of Sightseer (level 3)
 1551: killed by a yeti

You didn't know any spells.

Skills:
 Fighting Skills
   bare handed combat [Basic]
   two weapon combat  [Unskilled]
   riding             [Unskilled]
 Weapon Skills
   dagger             [Unskilled]
   knife              [Unskilled]
   axe                [Unskilled]
   pick-axe           [Unskilled]
   short sword        [Unskilled]
   broadsword         [Unskilled]
   long sword         [Unskilled]
   two-handed sword   [Unskilled]
   saber              [Unskilled]
   mace               [Unskilled]
   morning star       [Unskilled]
   flail              [Unskilled]
   hammer             [Unskilled]
   quarterstaff       [Unskilled]
   polearms           [Unskilled]
   spear              [Unskilled]
   trident            [Unskilled]
   lance              [Unskilled]
   bow                [Unskilled]
   sling              [Unskilled]
   crossbow           [Unskilled]
   dart               [Basic]
   shuriken           [Unskilled]
   boomerang          [Unskilled]
   whip               [Unskilled]
   unicorn horn       [Unskilled]
 Spellcasting Skills
   divination spells  [Unskilled]
   enchantment spells [Unskilled]
   escape spells      [Unskilled]

Voluntary challenges:
 Character rerolling was not enabled.
 You never hit with a wielded weapon.
 You never genocided any monsters.
 You never polymorphed an object.
 You never changed form.
 You used no wishes.
Achievements:
 You entered a shop.
 You attained the rank of Sightseer.

 The Dungeons of Doom: levels 1 to 10
    Level 1:
       A fountain, a grave.
    Level 2:
       A general store, some fountains.
    Level 3:
    Level 4:
    Level 5:
    Level 6:
       A fountain.
    Level 7:
       Some fountains.
    Level 8:
    Level 9:
       A fountain.
    Level 10: <- You were here.
       A grave.
       Final resting place for
          you, killed by a yeti.


Vanquished creatures:
  a giant spider
  a raven
 an orc shaman
  a fog cloud
  2 hill orcs
  a brown mold
  9 jackals
  2 kobolds
  a goblin
  2 sewer rats
  a grid bug
  3 lichens
  2 kobold zombies
  4 newts
31 creatures vanquished.

No species were genocided or became extinct.

Game over:
                       ----------
                      /          \
                     /    REST    \
                    /      IN      \
                   /     PEACE      \
                  /                  \
                  |    DiePARTEI     |
                  |      334 Au      |
                  | killed by a yeti |
                  |                  |
                  |                  |
                  |                  |
                  |       2026       |
                 *|     *  *  *      | *
        _________)/\\_//(\/(/\)/\//\/|_)_______

Aloha DiePARTEI the Tourist...

You died in The Dungeons of Doom on dungeon level 10 with 1608 points,
and 334 pieces of gold, after 1551 moves.
You were level 5 with a maximum of 39 hit points when you died.

